AoeStats
← Michi3052

Arabia

506290774Analyzed
1v1 RM · 20d ago on Sep 13, 2026· 46m 57s· 2 players
Game mode
Random Map
Map size
Tiny (2 player)
Population
200
Speed
Normal
Resources
Standard
Victory
Conquest
Starting age
Dark Age
Ending age
Imperial Age
RankedLock teamsTeams togetherTeam positionsShared explorationLock speedFull tech treeHidden civsTurbo modeCheats
Victory
Defeat
🇪🇸 Gurjaras · Spain
762
+16
🇵🇹 Mongols · Portugal
756
-16
M4RP4RC0P0
10:14 Feudal Age
16:29 Loom
23:54 Castle Age
22:56 Double-Bit Axe
22:53 Horse Collar
26:00 Padded Archer Armor
25:50 Fletching
26:06 Scale Barding Armor
29:20 Pikeman
34:14 Heavy Plow
35:23 Wheelbarrow
37:17 Chain Barding Armor
37:19 Leather Archer Armor
Michi3052
8:03 Loom
10:56 Feudal Age
14:54 Bloodlines
19:22 Horse Collar
20:52 Scale Barding Armor
20:59 Forging
24:23 Castle Age
22:49 Double-Bit Axe
25:46 Iron Casting
26:16 Man-at-Arms
27:42 Wheelbarrow
26:53 Town Watch
29:01 Gold Mining
29:28 Long Swordsman
30:34 Chain Barding Armor
30:15 Scale Mail Armor
30:59 Husbandry
37:03 Bow Saw
39:05 Gold Shaft Mining
38:21 Stone Mining
41:51 Imperial Age
43:19 Chain Mail Armor
43:40 Plate Barding Armor
42:58 Fletching
43:09 Padded Archer Armor
44:18 Conscription
43:33 Two-Handed Swordsman
45:44 Bodkin Arrow
45:18 Heavy Camel Rider
Connection lost

Rejoining the realm…

Still unreachable

The connection could not be restored.

Session expired

The server has moved on; the page needs a fresh start.